Map: Gresvan LE

Players

Krystianer

  • Race: Protoss Protoss
  • Spawn Location: 11:00

RagnaroK (SHIN) - Winner!

  • Race: Zerg Zerg
  • Spawn Location: 5:00

Event: ESL SC2 Masters 2023 Summer (Finals)

VOD

Have the link to the VOD?

Description

Time

  • Played on: June 16, 2023, 11:37 a.m.
  • Length: 6:41

All games in this series

Show
View Real Time Build Order
Export as new Build Order

Krystianer Protoss 

Build Orders: 1 Gate Expand, Oracle Opening 

Get SALT Encoding   

  12  0:00  Probe  
  13  0:12  Probe  
  14  0:17  Pylon  
  14  0:24  Probe (Chrono Boost)  
  16  0:36  Probe (Chrono Boost)  
  16  0:38  Gateway  
  16  0:43  Probe (Chrono Boost)  
  16  0:45  Assimilator  
  17  0:50  Probe  
  18  1:03  Probe  
  19  1:18  Probe  
  20  1:23  Nexus  
  20  1:33  Cybernetics Core  
  20  1:36  Probe  
  21  1:42  Assimilator  
  21  1:49  Probe  
  21  1:52  Pylon  
  22  2:01  Probe  
  23  2:07  Adept (Chrono Boost)  
  23  2:13  Probe  
  26  2:17  Stargate  
  26  2:25  Probe (Chrono Boost)  
  26  2:26  Warp Gate  
  27  2:33  Stalker  
  27  2:35  Probe (Chrono Boost)  
  31  2:37  Probe (Chrono Boost)  
  32  2:44  Probe (Chrono Boost)  
  32  2:45  Probe (Chrono Boost)  
  32  2:49  Probe (Chrono Boost)  
  34  2:51  Probe  
  35  3:01  Probe, Oracle (Chrono Boost)  
  35  3:03  Probe  
  40  3:13  Probe  
  40  3:15  Probe  
  40  3:19  Gateway  
  42  3:25  Probe  
  43  3:28  Probe  
  43  3:34  Twilight Council  
  44  3:37  Probe, Gateway  
  44  3:39  Gateway  
  46  3:42  Probe, Pylon  
  46  3:58  Pylon  
  46  3:59  Probe  
  46  4:00  Probe  
  47  4:04  Resonating Glaives (Chrono Boost)  
  47  4:09  Nexus  
  47  4:11  Pylon  
  47  4:13  Probe  
  48  4:18  Adept x2  
  48  4:21  Probe  
  53  4:25  Probe  
  54  4:33  Probe  
  54  4:34  Adept  
  54  4:35  Adept  
  54  4:37  Probe  
  58  4:40  Adept x2  
  62  4:46  Probe, Pylon  
  62  4:50  Probe  
  64  4:55  Adept x2  
  68  5:01  Forge  
  68  5:03  Adept  
  68  5:04  Adept  
  72  5:09  Probe  
  72  5:13  Probe (Chrono Boost)  
  74  5:17  Adept x2  
  78  5:22  Probe (Chrono Boost)  
  78  5:26  Assimilator  
  78  5:27  Probe (Chrono Boost)  
  81  5:30  Probe (Chrono Boost)  
  79  5:36  Probe (Chrono Boost)  
  74  5:46  Adept x4  
  74  5:47  Probe  
  74  5:49  Shield Battery  
  75  5:51  Probe  
  75  5:54  Gateway  
  75  5:56  Gateway  
  72  5:57  Gateway  
  72  6:00  Assimilator  
  72  6:01  Gateway  
  72  6:03  Probe  
  75  6:12  Stalker  
  75  6:13  Stalker x3  
  79  6:20  Probe  
  79  6:21  Gateway  
  79  6:22  Probe  
  79  6:23  Probe, Pylon  
  71  6:30  Shield Battery  
  60  6:35  Gateway  
  60  6:37  Zealot x2  
Show
View Real Time Build Order
Export as new Build Order

RagnaroK Zerg - Winner!

Build Orders: Hatch First 

Get SALT Encoding   

  12  0:00  Drone  
  13  0:12  Overlord  
  13  0:16  Drone  
  14  0:30  Drone  
  14  0:31  Drone  
  16  0:48  Hatchery  
  15  0:52  Drone  
  15  0:55  Drone  
  17  0:59  Drone  
  18  1:06  Drone  
  18  1:08  Extractor  
  18  1:17  Spawning Pool  
  17  1:20  Drone  
  18  1:27  Drone  
  19  1:38  Drone  
  20  1:49  Drone  
  21  2:03  Queen x2  
  21  2:04  Zergling x4  
  27  2:10  Overlord  
  27  2:11  Zergling x2  
  27  2:14  Metabolic Boost  
  28  2:30  Hatchery  
  28  2:32  Zergling x2  
  28  2:33  Drone  
  28  2:36  Drone  
  30  2:41  Drone  
  31  2:45  Queen  
  31  2:51  Overlord  
  33  2:54  Drone  
  33  2:55  Drone  
  33  2:58  Drone  
  36  3:09  Drone x2  
  36  3:11  Drone x3  
  40  3:15  Drone  
  40  3:16  Drone  
  40  3:19  Queen  
  44  3:25  Spore Crawler  
  44  3:26  Drone  
  44  3:31  Drone  
  44  3:39  Overlord  
  44  3:41  Queen  
  44  3:43  Drone x3  
  44  3:45  Spore Crawler  
  44  3:47  Zergling x2  
  44  3:48  Zergling x2  
  50  3:52  Overlord  
  50  3:54  Overlord  
  50  3:57  Overlord  
  50  4:00  Zergling x2  
  51  4:03  Zergling x2  
  51  4:04  Zergling x4  
  51  4:08  Overlord  
  53  4:11  Drone  
  53  4:14  Queen  
  53  4:15  Drone  
  57  4:18  Zergling x4  
  57  4:20  Drone  
  57  4:21  Drone  
  61  4:27  Roach Warren  
  61  4:28  Drone x2  
  61  4:30  Drone  
  63  4:34  Drone x2  
  63  4:36  Drone  
  62  4:39  Drone x2  
  62  4:43  Overlord  
  62  4:44  Zergling x2  
  62  4:45  Extractor, Zergling x2  
  65  4:49  Zergling x2  
  65  4:50  Zergling x4  
  68  4:54  Overlord  
  68  4:57  Overlord  
  68  5:05  Overlord  
  68  5:07  Roach x5  
  78  5:11  Roach  
  80  5:14  Roach x2  
  80  5:18  Zergling x8  
  87  5:23  Zergling x2  
  87  5:26  Zergling x8  
  92  5:33  Zergling x4  
  87  5:36  Zergling x4  
  87  5:42  Zergling x14  
  94  5:49  Zergling x2  
  90  5:52  Ravager x2  
  90  5:53  Zergling x2  
  90  5:54  Zergling x2  
  93  6:00  Zergling x2  
  93  6:02  Drone x2  
  96  6:04  Ravager  
  96  6:08  Drone x3  
  96  6:10  Drone  
  96  6:11  Drone x2  
  103  6:13  Drone  
  103  6:14  Drone  
  99  6:21  Drone  
  99  6:22  Drone  
  99  6:24  Drone  
Tags
 
Add a new tag
Caveats
  • Supply blocks, unpowered buildings, or Contaminate may cause inaccurate times.
  • Supply counts are checked every 10 seconds.